 Dungeon Crawl Stone Soup version 0.28.0-43-g3370ac3207 (webtiles) character file.

Game seed: 17318269502669207625

56 funkygono the Firebug (level 3, -3/19 HPs)
             Began as a Gargoyle Fire Elementalist on Mar 8, 2022.
             Slain by an iguana (7 damage)
             ... on level 4 of the Dungeon.
             The game lasted 00:02:02 (1508 turns).

funkygono the Firebug (Gargoyle Fire Elementalist)  Turns: 1508, Time: 00:02:02

Health: -3/19      AC:  8    Str: 11    XL:     3   Next: 95%
Magic:  1/7        EV: 11    Int: 17    God:
Gold:   53         SH:  0    Dex: 10    Spells: 1/7 levels left

rFire   + . .      SeeInvis .   j - +0 club
rCold   . . .      Faith    .   (no shield)
rNeg    + . .      Spirit   .   k - +1 leather armour {rF+}
rPois   ∞          Reflect  .   g - +0 helmet
rElec   +          Harm     .   (no cloak)
rCorr   .          Rampage  .   (no gloves)
Will    .....                   (no boots)
Stlth   ++........              (no amulet)
HPRegen 0.06/turn               (no ring)
MPRegen 0.10/turn               (no ring)

@: no status effects
A: sickness immunity, AC +3, negative energy resistance 1, electricity
resistance, torment resistance 1, petrification resistance
a: no special abilities


You were on level 4 of the Dungeon.
You visited 1 branch of the dungeon, and saw 3 of its levels.

You collected 53 gold pieces.

Inventory:

Hand Weapons
 j - a +0 club (weapon)
Missiles
 c - 73 stones
Armour
 a - a +0 robe
 g - a +0 helmet (worn)
 k - a +1 leather armour of fire resistance (worn)
Scrolls
 b - 3 scrolls of identify {unknown}
 d - 2 scrolls of amnesia {unknown}
 f - a scroll of summoning {unknown}
 h - a scroll of holy word {unknown}
 m - a scroll of vulnerability {unknown}
Potions
 e - a potion of might {unknown}
 i - a potion of lignification {unknown}
 l - 2 potions of degeneration {unknown}
 n - a potion of brilliance {unknown}


   Skills:
 + Level 1.7 Dodging
 - Level 2.1 Stealth
 * Level 2.6 Spellcasting
 * Level 1.8 Conjurations
 * Level 3.9 Fire Magic


You had one spell level left.
You knew the following spells:

 Your Spells              Type           Power      Damage    Failure   Level
a - Foxfire               Conj/Fire      48%        2x1d6     8%          1
b - Scorch                Fire           30%        2d7       8%          2
c - Conjure Flame         Conj/Fire      12%        6-21      22%         3

Your spell library contained the following spells:

 Spells                   Type           Power      Damage    Failure   Level
 Shock                    Conj/Air       20%        1d4       16%         1
 Inner Flame              Hex/Fire       8%         N/A       32%         3
 Flame Wave               Conj/Fire      12%        2d6       58%         4


Dungeon Overview and Level Annotations

Branches:
Dungeon (2/15)

Altars:


Innate Abilities, Weirdness & Mutations

You are immune to sickness and miasma.
Your stone body is resilient. (AC +3)
You are immune to poison.
You resist negative energy. (rN+)
You are resistant to electric shocks. (rElec)
You are resistant to unholy torment.
You are immune to petrification.


Message History

Casting: Foxfire (safe; 8% risk of failure)
Confirm with . or Enter, or press ? or * to list all spells.
Flames lash the iguana.
The iguana is severely wounded.
The iguana's fire resistance burns away.
The foxfire hits the iguana.
The iguana is severely wounded.
The foxfire hits the iguana.
The iguana is severely wounded.
The iguana bites you.
Casting: Scorch (safe; 8% risk of failure)
Confirm with . or Enter, or press ? or * to list all spells.
You conjure some foxfire!
The iguana barely misses you.
Casting: Foxfire (safe; 8% risk of failure)
Confirm with . or Enter, or press ? or * to list all spells.
You don't have enough magic to cast this spell.
Unknown command.
The foxfire hits the iguana.
The iguana is almost dead.
The foxfire hits the iguana.
The iguana is almost dead.
The iguana closely misses you.
Casting: Foxfire (safe; 8% risk of failure)
Confirm with . or Enter, or press ? or * to list all spells.
You conjure some foxfire!
The iguana bites you but does no damage.
The iguana is no longer more vulnerable to fire.
The foxfire hits the iguana.
The iguana is almost dead.
The foxfire hits the iguana but does no damage.
The iguana is almost dead.
The iguana closely misses you.
You closely miss the iguana.
The iguana is almost dead.
The iguana bites you.
* * * LOW HITPOINT WARNING * * *
You barely miss the iguana.
The iguana is almost dead.
The iguana bites you!
You die...

#.# ... #########
#.# #.......# #.#
#)#####.####.######
###.#...........#
...######.####.#
.######.######.#
.......@.......#
#######l########
.... ###.## #.# #.#
#.# #'#


You could see an iguana.

Vanquished Creatures
  3 adders (D:2)
  A worm (D:2)
  A dart slug (D:2)
  A ball python (D:1)
  2 endoplasms (D:1)
  2 giant cockroaches
  2 goblins
  2 hobgoblins
  3 jackals (D:1)
  A quokka (D:2)
  2 frilled lizards
  A kobold (D:2)
  2 rats
23 creatures vanquished.

Vanquished Creatures (collateral kills)
  A foxfire (D:1)
1 creature vanquished.

Vanquished Creatures (others)
  80 foxfires
80 creatures vanquished.

Grand Total: 104 creatures vanquished

Notes
Turn   | Place    | Note
-------+----------+-------------------------------------------
     0 | D:1      | funkygono the Gargoyle Fire Elementalist began the quest
                  | for the Orb.
     0 | D:1      | Reached XP level 1. HP: 10/10 MP: 3/3
    44 | D:1      | Found a faded altar of an unknown god.
    66 | D:1      | Got Plato's Incunabulum of Air
   430 | D:1      | Reached XP level 2. HP: 15/15 MP: 1/5
   450 | D:1      | Learned a level 2 spell: Scorch
  1051 | D:2      | Reached XP level 3. HP: 19/19 MP: 2/6
  1055 | D:2      | Learned a level 3 spell: Conjure Flame
  1468 | D:2      | You fall into a shaft and drop 2 floors!
  1508 | D:4      | Slain by an iguana

Illustrated notes

Levels and vault maps discovered:
D:1:      wander_arrival_desolate, layout_basic,
          shapermc_ecumenical_altar_rom_forum, minmay_misc_feat_chi,
          minmay_hedge_maze
D:2:      layout_basic, basic_altar, chequers_serial_rivers_large_b,
          kennysheep_generic_room_9, uniq_terence
D:4:      layout_basic, chequers_temple_overflow_statue_of_worship

Action                   || total
-------------------------++-------
Melee: Club              ||     9
 Cast: Foxfire           ||    44
       Scorch            ||     1
Armor: Robe              ||     6
       Leather armour    ||     3
Dodge: Dodged            ||    11
